AoeStats
← md

Pilgrims

510148790Analyzed
4v4 RM · 1d ago on Sep 29, 2026· 90m 45s· 8 players
Game mode
Random Map
Map size
Large (8 player)
Population
200
Speed
Normal
Resources
Standard
Victory
Conquest
Starting age
Dark Age
Ending age
Imperial Age
RankedLock teamsTeams togetherTeam positionsShared explorationLock speedFull tech treeHidden civsTurbo modeCheats
Victory
Defeat
🇨🇿 Goths · Czechia
1015
+16
🇹🇷 Burmese · Türkiye
961
+18
🇪🇪 Berbers · Estonia
960
+18
🇷🇺 Varangians · Russia
878
+23
🇷🇴 Malians · Romania
1061
-21
🇮🇹 Varangians · Italy
1051
-20
🇺🇸 Slavs · United States
1011
-19
🇨🇳 Poles · China
923
-15
md
12:07 Feudal Age
17:16 Castle Age
18:23 Fletching
26:38 Padded Archer Armor
26:34 Bodkin Arrow
35:19 Wheelbarrow
43:56 Pikeman
44:36 Squires
44:22 Arson
47:31 Scale Mail Armor
47:42 Forging
49:53 Chain Mail Armor
54:40 Iron Casting
55:32 Hand Cart
59:09 Imperial Age
61:56 Plate Mail Armor
62:27 Blast Furnace
62:25 Horse Collar
62:24 Halberdier
64:35 Town Watch
75:57 Scale Barding Armor
76:35 Light Cavalry
77:26 Bloodlines
77:19 Husbandry
77:41 Chain Barding Armor
78:10 Hussar
BlizixXx
8:45 Loom
15:29 Feudal Age
17:24 Fletching
17:23 Town Watch
24:17 Castle Age
27:52 Scale Mail Armor
27:49 Bodkin Arrow
44:30 Chain Mail Armor
44:25 Forging
44:31 Pikeman
54:04 Squires
55:39 Man-at-Arms
56:32 Long Swordsman
58:12 Iron Casting
60:07 Double-Bit Axe
63:08 Town Patrol
64:23 Bow Saw
65:25 Wheelbarrow
68:16 Imperial Age
68:09 Horse Collar
71:50 Hand Cart
74:31 Halberdier
76:55 Blast Furnace
84:42 Capped Ram
shamannking1993
5:05 Loom
13:59 Feudal Age
15:14 Fishing Lines
15:57 Forging
15:52 Scale Barding Armor
19:51 Fletching
22:32 Castle Age
21:53 Stone Mining
22:26 Double-Bit Axe
24:02 Fletching
24:13 Padded Archer Armor
24:32 Gillnets
28:42 Wheelbarrow
28:08 Bodkin Arrow
31:30 Medium Warships
35:06 Leather Archer Armor
43:44 Imperial Age
42:59 Pikeman
43:40 Squires
43:26 Arson
43:36 Vendel Legacy
44:05 Light Cavalry
45:40 Bloodlines
45:33 Husbandry
47:52 Conscription
47:01 Cavalier
60:23 Hand Cart
67:11 Iron Casting
66:02 Gothikon
nebukatser
5:45 Loom
11:44 Feudal Age
12:31 Double-Bit Axe
12:57 Fishing Lines
15:02 Wheelbarrow
19:12 Castle Age
19:35 Horse Collar
20:24 Medium Warships
20:10 Gillnets
21:55 Fletching
22:06 Padded Archer Armor
22:32 Bloodlines
22:22 Husbandry
25:43 Bodkin Arrow
26:03 Leather Archer Armor
30:24 Ballistics
33:43 Imperial Age
33:53 Elite Camel Archer
34:36 Maghrebi Camels
34:40 Bracer
35:20 Ring Archer Armor
36:30 Chemistry
35:39 Gold Mining
35:39 Stone Mining
37:38 Bow Saw
Dayvig
3:21 Loom
9:41 Feudal Age
42:47 Castle Age
41:03 Fletching
43:41 Man-at-Arms
45:02 Double-Bit Axe
44:51 Long Swordsman
45:33 Squires
45:45 Forging
45:35 Scale Mail Armor
46:52 Demolition Ship
47:50 Medium Warships
52:57 Iron Casting
52:37 Chain Mail Armor
55:11 Pikeman
65:38 Imperial Age
65:45 Two-Handed Swordsman
67:27 Champion
70:43 Blast Furnace
70:13 Plate Mail Armor
77:27 Bodkin Arrow
fede.dr
8:38 Loom
10:52 Feudal Age
21:50 Castle Age
21:44 Stone Mining
32:50 Wheelbarrow
37:29 Gold Mining
49:46 Pikeman
51:13 Squires
56:07 Double-Bit Axe
57:36 Elite Skirmisher
61:20 Fletching
61:31 Padded Archer Armor
63:18 Leather Archer Armor
63:28 Ballistics
75:21 Heated Shot
75:44 Masonry
76:49 Bodkin Arrow
86:43 Hand Cart
87:44 Forging
87:41 Scale Barding Armor
MCMLXX
5:47 Loom
12:38 Feudal Age
18:13 Castle Age
16:08 Double-Bit Axe
16:37 Gold Mining
17:20 Stone Mining
19:19 Fletching
20:30 Bodkin Arrow
21:22 Scale Mail Armor
22:21 Chain Mail Armor
22:40 Fishing Lines
24:17 Forging
42:51 Wheelbarrow
52:28 Caravan
60:03 Imperial Age
59:20 Tigui
59:30 Padded Archer Armor
60:28 Iron Casting
61:06 Leather Archer Armor
61:53 Plate Mail Armor
64:04 Hand Cart
64:14 Conscription
64:44 Ring Archer Armor
64:38 Elite Skirmisher
66:16 Ballistics
67:04 Chemistry
67:12 Town Watch
71:12 Squires
70:58 Arson
71:32 Elite Gbeto
73:39 Capped Ram
76:51 Town Patrol
76:34 Treadmill Crane
77:07 Masonry
76:53 Murder Holes
82:00 Architecture
/?
4:14 Loom
10:47 Feudal Age
11:13 Double-Bit Axe
12:15 Fishing Lines
15:46 Town Watch
18:16 Castle Age
16:11 Gold Mining
19:34 Medium Warships
19:39 Bow Saw
19:35 Stone Mining
24:54 Horse Collar
25:30 Padded Archer Armor
25:23 Fletching
26:37 Szlachta Privileges
27:05 Heavy Plow
27:12 Scale Barding Armor
28:14 Wheelbarrow
28:39 Chain Barding Armor
29:25 Bloodlines
29:18 Husbandry
32:10 Imperial Age
30:54 Stone Shaft Mining
30:34 Forging
32:11 Cavalier
34:13 Iron Casting
37:00 Hand Cart
37:21 Conscription
40:11 Chemistry
44:49 Blast Furnace
56:48 Siege Engineers
56:41 Murder Holes
56:51 Siege Engineers
59:42 Ballistics
59:07 Arrowslits
75:48 Crop Rotation
75:58 Masonry
Connection lost

Rejoining the realm…

Still unreachable

The connection could not be restored.

Session expired

The server has moved on; the page needs a fresh start.